 Dungeon Crawl Stone Soup version 0.25-a0-246-g58704a1ebd (webtiles) character file.

Game seed: 10238366590781384117, levelgen mode: classic

29 Borgoz the Shield-Bearer (level 3, 0/25 HPs)
             Began as a Halfling Fighter on Dec 3, 2019.
             Slain by a gnoll
             ... wielding a cursed +0 spear
              (5 damage)
             ... on level 2 of the Dungeon.
             The game lasted 00:01:16 (640 turns).

Borgoz the Shield-Bearer (Halfling Fighter)          Turns: 640, Time: 00:01:17

Health: 0/25       AC:  6    Str: 23    XL:     3   Next: 32%
Magic:  3/3        EV:  9    Int:  6    God:
Gold:   63         SH: 10    Dex: 13    Spells: 2/2 levels left

rFire    . . .     SeeInvis .   a - +0 rapier
rCold    . . .     Gourm    .   c - +0 shield
rNeg     . . .     Faith    .   g - +0 scale mail
rPois    .         Spirit   .   (no helmet)
rElec    .         Reflect  .   (no cloak)
rCorr    .         Harm     .   (no gloves)
MR       .....                  (no boots)
Stlth    ..........             (no amulet)
HPRegen  0.08/turn              (no ring)
MPRegen  0.08/turn              (no ring)

@: mighty
A: small, mutation resistance 1
a: no special abilities


You were on level 2 of the Dungeon.
You were not hungry.

You visited 1 branch of the dungeon, and saw 2 of its levels.

You collected 63 gold pieces.

Inventory:

Hand Weapons
 a - a +0 rapier (weapon)
 b - a +1 dagger of venom
Armour
 c - a +0 shield (worn)
 g - a +0 scale mail (worn)
 o - a +1 leather armour of poison resistance
Scrolls
 e - a scroll of remove curse {unknown}
 i - 4 scrolls of identify {unknown}
 j - a scroll of enchant armour {unknown}
 p - a scroll of teleportation {unknown}
 q - a scroll of enchant weapon {unknown}
Potions
 k - a potion of flight {unknown}
 l - 2 potions of mutation {unknown}
 m - a potion of heal wounds {unknown}
 n - a potion of haste {unknown}
Comestibles
 f - 2 rations


   Skills:
 * Level 2.9 Fighting
 * Level 2.9 Short Blades
 * Level 3.6 Armour
 + Level 0.7 Dodging
 + Level 0.6 Stealth
 * Level 3.6 Shields


You had 2 spell levels left.
You didn't know any spells.
Your spell library was empty.

Dungeon Overview and Level Annotations

Branches:
Dungeon (2/15)

Altars:


Innate Abilities, Weirdness & Mutations

You are small and have problems with some larger weapons.
You are somewhat resistant to further mutation.


Message History

You are too injured to fight recklessly!
You are too injured to fight recklessly!
You are too injured to fight recklessly!
You are too injured to fight recklessly!
You are too injured to fight recklessly!
You are too injured to fight recklessly!
You are too injured to fight recklessly!
You are too injured to fight recklessly!
You are too injured to fight recklessly!
Unknown command.
You feel very mighty all of a sudden.
The gnoll hits you from afar with a cursed -2 spear.
The gnoll hits you but does no damage.
The gnoll hits you from afar with a cursed +0 spear.
* * * LOW HITPOINT WARNING * * *
You puncture the gnoll!
The gnoll is heavily wounded.
You block the gnoll's attack.
The gnoll hits you from afar with a cursed +0 spear.
You die...

... #.# #.# #.# ## #.#
#.## ######### #.#
#...## #....<..#
#.##.....#
#.#####.#######.#.......
#.#........@ggg.........
#.#.###>######..........
#.#.# #.# #..........#
#.#.###.# ##...##$..##
#.......# ##.## #.##
###.##### #.# ##
#.......# #.# #.#.###.#
#+# #...###.#


You could see 3 gnolls.

Vanquished Creatures
  A dart slug (D:1)
  A leopard gecko (D:1)
  4 bats (D:1)
  A giant cockroach (D:1)
  4 goblins (D:1)
  3 hobgoblins (D:1)
  2 jackals (D:1)
  4 kobolds (D:1)
  A frilled lizard (D:1)
  A rat (D:1)
22 creatures vanquished.

Notes
Turn   | Place    | Note
-------+----------+-------------------------------------------
     0 | D:1      | Borgoz the Halfling Fighter began the quest for the Orb.
     0 | D:1      | Reached XP level 1. HP: 15/15 MP: 1/1
    81 | D:1      | Reached XP level 2. HP: 11/20 MP: 2/2
   345 | D:1      | Reached XP level 3. HP: 25/25 MP: 3/3
   640 | D:2      | Slain by a gnoll

Levels and vault maps discovered:
D:1:      minmay_arrival_jagged, layout_rooms, nrook_uturn, minmay_pentomino_p4
D:2:      layout_loops_corners, xom_redecorated,
          nicolae_ru_great_annihilating_truth, first_ration

Action                   || total
-------------------------++-------
Melee: Rapier            ||   105
  Use: Potion            ||     1
Armor: Scale mail        ||    45
Dodge: Dodged            ||    38
Block: Shield            ||    74

Table legend:
 A = Non-vault XP
 B = Vault XP
 C = Vault XP percentage of total XP
 D = Non-vault monster count
 E = Vault monster count
 F = Vault count percentage of total count
                 A         B        C        D         E       F
            +---------+---------+-------+---------+---------+-------
      Total |      37 |       5 |  11.9 |      19 |       3 |  13.6
            +---------+---------+-------+---------+---------+-------
        D:1 |      37 |       5 |  11.9 |      19 |       3 |  13.6
            +---------+---------+-------+---------+---------+-------
